 Dungeon Crawl Stone Soup version 0.31-a0-182-gc5ef74bbde (webtiles) character file.

Game seed: 2678532588845650901

47 porpoise the Shooter (level 3, -1/22 HPs)
             Began as a Tengu Hunter on June 21, 2023.
             Slain by Terence
             ... wielding a +0 hand axe
              (7 damage)
             ... on level 2 of the Dungeon.
             The game lasted 00:03:45 (1057 turns).

porpoise the Shooter (Tengu Hunter)                 Turns: 1057, Time: 00:03:45

Health: -1/22      AC:  3    Str: 11    XL:     3   Next: 70%
Magic:  4/4        EV: 12    Int:  9    God:
Gold:   28         SH:  0    Dex: 19    Spells: 2/2 levels left

rFire   . . .        a - +0 shortbow
rCold   . . .        (shield currently unavailable)
rNeg    . . .        c - +0 leather armour
rPois   +            (helmet restricted)
rElec   .            (no cloak)
rCorr   .            (no gloves)
SInv    .            (boots unavailable)
Will    .....        (no amulet)
Stlth   ++           f - ring of poison resistance
HPRegen 0.23/turn    (no ring)
MPRegen 0.09/turn

%: no passive effects
@: no status effects
A: beak, talons 3
a: no special abilities


You were on level 2 of the Dungeon.
You visited 1 branch of the dungeon, and saw 2 of its levels.

You collected 28 gold pieces.

Inventory:

Hand Weapons
 a - a +0 shortbow (weapon)
 b - a +2 dagger of speed
Armour
 c - a +0 leather armour (worn)
 g - an orb of light
Magical Staves
 j - a staff of death
Jewellery
 f - a ring of poison resistance (left hand)
Scrolls
 d - a scroll of butterflies
 i - a scroll of immolation {unknown}
 l - a scroll of fog {unknown}
Potions
 e - a potion of lignification {unknown}
 h - a potion of might {unknown}
 k - a potion of ambrosia {unknown}
 m - a potion of heal wounds {unknown}


   Skills:
 + Level 2.6 Fighting
 * Level 5.2 Ranged Weapons
 - Level 2.1 Dodging
 + Level 1.9 Stealth


You had 2 spell levels left.
You didn't know any spells.
Your spell library was empty.

Dungeon Overview and Level Annotations

Branches:
Dungeon (2/15)

Altars:

Shops:
D:2 *

Annotations:
D:2 Terence


Innate Abilities, Weirdness & Mutations

You have a beak for a mouth.
You have claws for feet.


Message History

The arrow hits Terence but does no damage.
Terence barely misses you.
You shoot an arrow. The arrow barely misses Terence.
Terence zaps a wand.
The puff of flame hits you. Terence barely misses you.
You shoot an arrow.
The arrow hits Terence but does no damage.
Terence looks scornfully at you. Terence closely misses you.
You shoot an arrow. The arrow hits Terence!
Terence is moderately wounded.
Terence hits you but does no damage.
You shoot an arrow. The arrow closely misses Terence.
Terence closely misses you.
You shoot an arrow. The arrow hits Terence.
Terence is heavily wounded.
Terence zaps a wand.
The puff of flame hits you!
Ouch! That really hurt!
You are too injured to fight recklessly!
You are too injured to fight recklessly!
Fire: a) +0 shortbow
Press: ? - help, Q - select action Shift-Dir - straight line, f/p - Terence
Aim: Terence, wielding a +0 hand axe, wearing a +0 scale mail and carrying a wand of flame (4) (heavily wounded, 68% to hit)
You shoot an arrow. The arrow hits Terence.
Terence is heavily wounded.
Terence says, "Did you write a will?
You should..."
Terence zaps a wand.
The puff of flame hits you.
Fire: a) +0 shortbow
Press: ? - help, Q - select action Shift-Dir - straight line, f/p - Terence
Aim: Terence, wielding a +0 hand axe, wearing a +0 scale mail and carrying a wand of flame (3) (heavily wounded, 68% to hit)
You shoot an arrow. The arrow hits Terence!
Terence is almost dead.
Terence closely misses you.
Terence zaps a wand.
The puff of flame hits you.
* * * LOW HITPOINT WARNING * * *
Fire: a) +0 shortbow
Press: ? - help, Q - select action Shift-Dir - straight line, f/p - Terence
Aim: Terence, wielding a +0 hand axe, wearing a +0 scale mail and carrying a wand of flame (2) (almost dead, 68% to hit)
You shoot an arrow. The arrow hits Terence.
Terence is almost dead.
Terence hits you with a +0 hand axe!
You die...

#.# # #.# [###.####+# #.#
##.##.......#######.#
#######..##.##.........<..#
.......#.##.##.##.#######.#
#####.###.#.##.# .# #.#
#.## ##.....##@# #.#
##.###.......@.# #.#
##.#..#.####### #.#
##..<......## #.#
###.#..###.########.#
#.#..# #..........#
#.#..###.##########
#.#.#.†.## #.#.##### #.#.#


You could see Terence.

Vanquished Creatures
  An adder (D:2)
  A worm (D:2)
  3 bats
  5 endoplasms
  3 giant cockroaches
  2 goblins
  4 hobgoblins
  2 kobolds (D:1)
  A quokka (D:1)
  A ball python (D:1)
  6 frilled lizards
  6 rats
35 creatures vanquished.

Notes
Turn   | Place    | Note
-------+----------+-------------------------------------------
     0 | D:1      | porpoise the Tengu Hunter began the quest for the Orb.
     0 | D:1      | Reached XP level 1. HP: 12/12 MP: 2/2
   129 | D:1      | Reached XP level 2. HP: 17/17 MP: 3/3
   787 | D:2      | Reached XP level 3. HP: 22/22 MP: 4/4
   827 | D:2      | Reached skill level 5 in Ranged Weapons
   925 | D:2      | Found Mecky's Assorted Antiques.
  1048 | D:2      | Noticed Terence
  1057 | D:2      | Slain by Terence

Illustrated notes

Levels and vault maps discovered:
D:1:      wheals_arrival_linesprint, layout_loops_cross
D:2:      layout_loops_ring, serial_shops, shop, dk_noncrumbling_2, uniq_terence

Skill      XL: |  1  2  3 |
---------------+----------+-----
Ranged Weapons | 5 |  5.2
Fighting       | |  2.6
Dodging        | |  2.1
Stealth        | |  1.9

Action                     || total
---------------------------++-------
   Fire: Shortbow          ||    98
 Armour: Leather armour    ||     7
  Dodge: Dodged            ||    23

Table legend: (Time is in decaauts)
 A = Elapsed time spent in this place.
 B = Non-inter-level travel time spent in this place.
 C = Inter-level travel time spent in this place.
 D = Time resting spent in this place.
 E = Time spent auto-exploring this place.
 F = Levels seen in this place.
 G = Mean time per level.
                   A        B        C        D        E       F      G
               +--------+--------+--------+--------+--------+-----+--------+
         Total |   1073 |   1025 |     48 |     40 |    788 |   2 |  536.5 |
       Dungeon |   1073 |   1025 |     48 |     40 |    788 |   2 |  536.5 |
               +--------+--------+--------+--------+--------+-----+--------+

Top non-repeatable levels by time:
     D:1: 738 daAuts
     D:2: 334 daAuts
